 Dungeon Crawl Stone Soup version 0.31-a0-920-g28cbb04a8c (webtiles) character file.

Game seed: 5750285269496416753

143 night the Ruffian (level 5, -10/33 HPs)
             Began as an Octopode Shapeshifter on Oct 17, 2023.
             Mangled by Eustachio
             ... wielding a +3 rapier of holy wrath
              (13 damage)
             ... on level 4 of the Dungeon.
             The game lasted 00:03:54 (2079 turns).

night the Ruffian (Octopode Shapeshifter)           Turns: 2079, Time: 00:03:55

Health: -10/33     AC:  1    Str: 13 (14) XL:     5   Next: 25%
Magic:  5/5        EV: 12    Int: 13 (14) God:
Gold:   144        SH:  0    Dex:  7 (11) Spells: 4/4 levels left

rFire   . .          .
                       - Unarmed
rCold   . . .        (no shield)
rNeg    . . .        (helmet currently unavailable)
rPois   +            (no amulet)
rElec   .            g - ring of poison resistance
rCorr   .            o - ring of willpower
SInv    .            (no ring)
Will    +....        (no ring)
Stlth   ++           (no ring)
HPRegen 0.25/turn    (no ring)
MPRegen 0.09/turn    (no ring)
                     (no ring)

%: no passive effects
@: beast-form
A: beast (slay +2), almost no armour, amphibious, 8 rings, camouflage 1,
gelatinous body 1, (nimble swimmer 1), tentacles
a: Begin Untransformation


You were on level 4 of the Dungeon.
You were a hulking beast.
You visited 1 branch of the dungeon, and saw 4 of its levels.

You collected 144 gold pieces.

Inventory:

Missiles
 f - 23 stones
 j - 7 poisoned darts
 p - 3 boomerangs
Jewellery
 g - a ring of poison resistance (left tentacle)
 o - a ring of willpower (right tentacle)
Talismans
 b - a beast talisman (active)
 c - a flux talisman
Wands
 u - a wand of digging (2)
Scrolls
 d - 3 scrolls of identify {unknown}
 e - 2 scrolls of teleportation {unknown}
 i - a scroll of fear {unknown}
 l - a scroll of revelation {unknown}
 m - a scroll of amnesia {unknown}
 q - a scroll of acquirement {unknown}
 s - a scroll of fog {unknown}
Potions
 a - a potion of lignification
 h - a potion of degeneration
 k - 2 potions of curing {unknown}
 n - 2 potions of ambrosia {unknown}
 r - a potion of mutation {unknown}
 t - a potion of enlightenment {unknown}


   Skills:
 - Level 1.0 Fighting
 - Level 2.0 Dodging
 + Level 4.6 Unarmed Combat
 + Level 4.3 Shapeshifting


You had 4 spell levels left.
You didn't know any spells.
Your spell library contained the following spells:

 Spells                   Type           Power      Damage    Failure   Level
 Volatile Blastmotes      Fire/Tloc      0%         2d10      67%         3
 Fulminant Prism          Conj/Hex       0%         3d5       97%         4
 Iskenderun's Mystic Bla  Conj/Tloc      0%         2d3       97%         4


Dungeon Overview and Level Annotations

Branches:
Dungeon (4/15)
 Temple: D:4-7

Altars:

Shops:
D:3 [

Annotations:
D:4 Eustachio


Innate Abilities, Weirdness & Mutations

You are a hulking beast.
Your limbs bulge with bestial killing power. (Slay +2)
You cannot wear most types of armour.
You are amphibious.
You can wear up to eight rings at the same time.
Your skin changes colour to match your surroundings (Stealth+).
Your rubbery body absorbs attacks. (AC +1, EV +1)
((You are camouflaged when in or above water. (Stealth+)))
You have tentacles for arms and can constrict up to eight enemies at once.


Message History

The quasit is moderately wounded.
The quasit bites you.
You feel clumsy.
The quasit claws you but does no damage.
The quasit claws you.
You miss the quasit. Your grab misses the quasit.
The quasit is moderately wounded.
The quasit barely misses you. x2; The quasit closely misses you.
Eustachio mumbles some strange words.
Eustachio blinks!
You tentacle-slap the quasit. You grab the quasit.
The quasit is moderately wounded.
You constrict the quasit, but do no damage.
The quasit barely misses you. The quasit closely misses you.
The quasit barely misses you.
You tentacle-slap the quasit.
The quasit is severely wounded.
You constrict the quasit. The quasit barely misses you. The quasit misses you.
The quasit claws you.
The quasit barely misses you. x2; The quasit claws you.
* * * LOW HITPOINT WARNING * * *
You feel clumsy.
You tentacle-slap the quasit.
You kill the quasit!
The quasit disappears in a puff of smoke!
You closely miss the jackal. Your grab misses the jackal.
The jackal barely misses you. The jackal misses you.
You bludgeon the jackal!
You kill the jackal!
It was a potion of degeneration.
There was something very wrong with that liquid.
You feel weakened.
You feel dopey.
You feel clumsy.
Eustachio hits you with a +3 rapier of holy wrath.
* * * LOW HITPOINT WARNING * * *
Things that are here:
a jackal corpse; a jackal corpse You tentacle-slap Eustachio.
Your grab misses Eustachio.
Eustachio is almost dead.
Eustachio hits you with a +3 rapier of holy wrath!
You die...
Eustachio twirls his moustache.

#..#...# #..#...#
#..#...# #..#...#
#......# ######
#.....###
......###.......#
....>.@.#...<..##
#h#...##.##
#.#.......#
#.#..######
#.#..# #....#
###.## #...#
#.### #.#########


You could see Eustachio.

Vanquished Creatures
  2 orc priests (D:3)
  3 adders
  A worm (D:3)
  2 orcs (D:3)
  4 endoplasms
  A giant cockroach (D:1)
  5 goblins
  7 hobgoblins
  4 jackals (D:4)
  A quokka (D:1)
  2 ball pythons
  8 bats
  A frilled lizard (D:3)
  7 kobolds
  3 rats
51 creatures vanquished.

Notes
Turn   | Place    | Note
-------+----------+-------------------------------------------
     0 | D:1      | night the Octopode Shapeshifter began the quest for the
                  | Orb.
     0 | D:1      | Reached XP level 1. HP: 13/13 MP: 1/1
   164 | D:1      | Reached XP level 2. HP: 18/18 MP: 2/2
   725 | D:2      | Identified the "Zetotaz"
   774 | D:2      | Reached XP level 3. HP: 23/23 MP: 3/3
  1267 | D:2      | Identified the +1 ring mail "Vioguplo" {+Inv Regen+ Str-2
                  | Int+4}
  1438 | D:3      | Found Xiurchyfis's Armour Emporium.
  1449 | D:3      | Found a faded altar of an unknown god.
  1454 | D:3      | Reached XP level 4. HP: 18/28 MP: 4/4
  1615 | D:3      | Reached XP level 5. HP: 28/33 MP: 5/5
  2060 | D:4      | Noticed Eustachio
  2078 | D:4      | HP: 3/33 [Eustachio/+3 rapier of holy wrath (6)]
  2079 | D:4      | Mangled by Eustachio

Illustrated notes

Levels and vault maps discovered:
D:1:      minmay_arrival_four_circles, layout_basic, minmay_hexomino_u4
D:2:      layout_basic, minmay_misc_feat_pillars
D:3:      layout_loops_ring, serial_shops, nicolae_shop_waterfront,
          chequers_ecumenical_altar_island
D:4:      layout_basic, uniq_pikel, uniq_ijyb, uniq_eustachio,
          uniq_crazy_yiuf_cottage

Skill      XL: |  1  2  3  4 |
---------------+-------------+-----
Unarmed Combat | 4 |  4.6
Shapeshifting  | 4 |  4.3
Fighting       | |  1.0
Dodging        | |  2.0

Action                     |  1- 3 |  4- 6 || total
---------------------------+-------+-------++-------
  Melee: Unarmed           |    63 |    41 ||   104
         Tentacles         |     8 |    10 ||    18
         Constrict         |     9 |    11 ||    20
    Use: Potion            |       |     1 ||     1
   Stab: Sleeping          |     6 |     4 ||    10
 Armour: Skin              |    25 |    22 ||    47
  Dodge: Dodged            |    29 |    31 ||    60

Table legend: (Time is in decaauts)
 A = Elapsed time spent in this place.
 B = Non-inter-level travel time spent in this place.
 C = Inter-level travel time spent in this place.
 D = Time resting spent in this place.
 E = Time spent auto-exploring this place.
 F = Levels seen in this place.
 G = Mean time per level.
                   A        B        C        D        E       F      G
               +--------+--------+--------+--------+--------+-----+--------+
         Total |   2070 |   1997 |     73 |     67 |   1605 |   4 |  517.5 |
       Dungeon |   2070 |   1997 |     73 |     67 |   1605 |   4 |  517.5 |
               +--------+--------+--------+--------+--------+-----+--------+

Top non-repeatable levels by time:
     D:1: 722 daAuts
     D:3: 690 daAuts
     D:2: 580 daAuts
     D:4: 76 daAuts
